Map: Ever Dream LE

Players

prospeKt - Winner!

  • Race: Zerg Zerg
  • League: Platinum
  • Spawn Location: 1:00

VOD

Have the link to the VOD?

Description

Time

  • Played on: June 3, 2020, 5:09 a.m.
  • Length: 16:59
Show
View Real Time Build Order
Export as new Build Order

prospeKt Zerg - Winner!

Build Orders:  

Get SALT Encoding   

  12  0:01  Drone  
  13  0:18  Overlord  
  13  0:33  Drone  
  14  0:43  Drone x2  
  14  0:49  Drone  
  17  1:14  Hatchery  
  17  1:18  Drone  
  17  1:26  Drone  
  18  1:45  Spawning Pool  
  18  1:46  Drone  
  18  1:55  Drone  
  19  2:04  Drone  
  19  2:09  Extractor  
  19  2:19  Drone  
  17  2:40  Drone  
  21  2:51  Overlord  
  21  2:55  Drone  
  21  2:58  Queen x2  
  20  3:10  Drone  
  26  3:17  Drone  
  28  3:24  Overlord  
  28  3:30  Drone  
  28  3:36  Drone  
  30  3:40  Drone  
  30  3:49  Drone  
  32  4:00  Drone  
  32  4:09  Drone  
  34  4:13  Queen  
  34  4:15  Drone  
  27  4:20  Drone  
  37  4:26  Overlord  
  38  4:32  Lair  
  38  4:42  Roach Warren  
  38  4:45  Evolution Chamber, Drone x4  
  38  4:46  Drone x3  
  43  4:54  Extractor  
  43  4:55  Extractor  
  43  4:59  Drone  
  42  5:10  Drone x2  
  42  5:19  Overlord  
  44  5:24  Drone  
  45  5:32  Drone  
  46  5:40  Drone  
  46  5:41  Drone x5  
  46  5:45  Overlord  
  52  6:02  Roach x2  
  52  6:08  Roach  
  58  6:20  Roach  
  58  6:21  Roach x4  
  58  6:25  Overlord  
  68  6:57  Drone x6  
  68  6:59  Drone x2  
  76  7:04  Zerg Missile Weapons Level 1  
  76  7:06  Glial Reconstitution, Hatchery  
  76  7:09  Overlord x2  
  75  7:23  Drone  
  75  7:26  Extractor  
  75  7:34  Drone  
  75  7:35  Drone x4  
  80  7:57  Drone x5  
  80  7:59  Overlord x3  
  85  8:03  Hatchery  
  84  8:16  Drone  
  84  8:17  Drone  
  86  8:28  Hydralisk Den  
  86  8:29  Evolution Chamber, Drone x2  
  86  8:46  Drone x6  
  92  8:57  Drone  
  92  8:58  Drone x2  
  95  9:03  Extractor  
  95  9:06  Extractor  
  93  9:12  Infestation Pit  
  93  9:13  Zerg Ground Armor Level 1  
  93  9:14  Drone  
  93  9:15  Drone x2  
  95  9:37  Drone  
  95  9:38  Drone x5  
  101  9:49  Drone x3  
  104  10:15  Drone x3  
  104  10:17  Extractor  
  104  10:18  Extractor  
  105  10:23  Drone  
  105  10:25  Hydralisk x5  
  105  10:26  Hydralisk x2  
  120  10:38  Hatchery  
  119  10:40  Hatchery  
  118  10:50  Hydralisk x5  
  118  10:51  Unknown  
  118  10:52  Overlord x4  
  118  10:53  Overlord x2  
  128  11:06  Zerg Missile Weapons Level 2  
  128  11:18  Hatchery  
  127  11:49  Hive  
  127  11:56  Hydralisk x6  
  127  11:57  Hydralisk x13  
  165  12:02  Overlord  
  165  12:04  Overlord  
  165  12:05  Overlord  
  165  12:24  Hydralisk x6  
  165  12:25  Hydralisk x5  
  187  12:43  Hatchery  
  186  12:50  Hydralisk x7  
  186  12:55  Zerg Ground Armor Level 2  
  200  13:02  Overlord x2  
  200  14:01  Hatchery  
  200  14:03  Drone  
  190  14:38  Unknown  
  160  15:22  Drone x3  
  160  15:23  Drone  
  164  15:36  Hatchery  
  164  15:37  Hatchery  
  158  15:46  Hydralisk  
  158  15:47  Hydralisk x14  
  158  15:48  Hydralisk x6  
  200  16:18  Drone x2  
  200  16:26  Extractor  
  200  16:27  Extractor  
  200  16:28  Drone x2  
  196  16:56  Hatchery  
Tags
 
Add a new tag
Caveats
  • Supply blocks, unpowered buildings, or Contaminate may cause inaccurate times.
  • Supply counts are checked every 10 seconds.